 Dungeon Crawl Stone Soup version 0.25-a0-85-g7617fd2bc2 (webtiles) character file.

Game seed: 16508998762607346232, levelgen mode: deterministic

76 MrRokkomies the Vexing (level 4, 0/30 HPs)
             Began as a Vampire Enchanter on Nov 8, 2019.
             Slain by a worker ant (6 damage)
             ... on level 3 of the Dungeon.
             The game lasted 00:03:02 (2038 turns).

MrRokkomies the Vexing (Vampire Enchanter)          Turns: 2038, Time: 00:03:02

Health: 0/30       AC:  2    Str:  7    XL:     4   Next: 12%
Magic:  2/7        EV: 12    Int: 18    God:
Gold:   152        SH:  0    Dex: 14    Spells: 4/7 levels left

rFire    . . .     SeeInvis +   a - +0 rapier
rCold    . . .     Gourm    .   (no shield)
rNeg     . . .     Faith    .   b - +0 robe
rPois    .         Spirit   .   (no helmet)
rElec    .         Reflect  .   (no cloak)
rCorr    .         Harm     .   (no gloves)
MR       .....                  (no boots)
Stlth    +++.......             (no amulet)
HPRegen  0.30/turn              (no ring)
MPRegen  0.10/turn              (no ring)

@: lethally poisoned (0 -> -1), regenerating quickly
A: no food, fangs 3, see invisible, unbreathing
a: Exsanguinate


You were on level 3 of the Dungeon.
You were alive.

You visited 1 branch of the dungeon, and saw 3 of its levels.

You collected 152 gold pieces.

Inventory:

Hand Weapons
 a - a +0 rapier (weapon)
Missiles
 c - 6 atropa-tipped darts
 f - 89 stones
 i - 50 sling bullets
 n - 2 boomerangs (quivered)
Armour
 b - a +0 robe (worn)
Scrolls
 d - a scroll of random uselessness {unknown}
 j - a scroll of fog {unknown}
 l - 3 scrolls of remove curse {unknown}
 p - a scroll of identify {unknown}
Potions
 e - a potion of lignification {unknown}
 g - 3 potions of brilliance {unknown}
 h - a potion of berserk rage {unknown}
 k - a potion of haste {unknown}
 m - a potion of magic {unknown}
 o - a potion of resistance {unknown}


   Skills:
 * Level 2.9 Short Blades
 - Level 2.1 Dodging
 + Level 5.2 Stealth
 - Level 2.0 Spellcasting
 * Level 5.7 Hexes


You had 4 spell levels left.
You knew the following spells:

 Your Spells              Type           Power        Failure   Level  Hunger
a - Corona                Hex            ###....      1%          1    N/A
b - Ensorcelled Hibernat  Hex/Ice        ##....       9%          2    N/A

Your spell library contained the following spells:

 Spells                   Type           Power        Failure   Level  Hunger
 Confuse                  Hex            ###.....     5%          3    N/A
 Tukima's Dance           Hex            ###.....     5%          3    N/A
 Dazzling Spray           Conj/Hex       ##....       17%         3    N/A

Dungeon Overview and Level Annotations

Branches:
Dungeon (3/15)

Altars:


Innate Abilities, Weirdness & Mutations

You do not eat.
Your natural rate of healing is unusually fast.
You have razor-sharp teeth.
You have supernaturally acute eyesight. (SInv)
You can survive without breathing.


Message History

You see here a poisoned dart.
You feel sick.
Found a hand axe.
You feel sick.
You feel sick.
You feel sick.
A jackal comes into view.
A jackal comes into view.
You feel sick.
The helpless worker ant fails to defend itself.
You puncture the worker ant!
The jackal barks!
You bite the worker ant.
The worker ant is almost dead.
You hear a bark!
The gnoll barely misses you. The worker ant closely misses you.
The jackal bites you.
* * * LOW HITPOINT WARNING * * *
The worker ant bites you.
You die...

##.#...#.###...##.####..#
#.###.......#
#..g##.g..g..#
#...........#
#.K.########.#
##.##.......# #...# ... #
###..<### #...# .....
#...#####)..# .##.##
#.......#.g.# .# ...
#.####..##.## .# ##
##.##..#<.@a.# .#
#.....###..h....#
#..###.#..#..##.#
#.............. #
#.#####...##....
#.....#... ##h.#
#####.#... ..# #.##.. .#
#.#


You could see a worker ant, 2 gnolls, 2 jackals and a kobold.

Vanquished Creatures
  A gnoll (D:3)
  2 adders (D:2)
  An ooze (D:2)
  A worm (D:3)
  2 dart slugs (D:1)
  A leopard gecko (D:1)
  An orc (D:3)
  A ball python (D:1)
  2 giant cockroaches (D:1)
  5 goblins
  5 hobgoblins
  4 bats
  2 frilled lizards (D:2)
  2 kobolds
  6 rats
36 creatures vanquished.

Notes
Turn   | Place    | Note
-------+----------+-------------------------------------------
     0 | D:1      | MrRokkomies the Vampire Enchanter began the quest for the
                  | Orb.
     0 | D:1      | Reached XP level 1. HP: 13/13 MP: 3/3
   102 | D:1      | Reached XP level 2. HP: 14/19 MP: 5/5
   106 | D:1      | Learned a level 2 spell: Ensorcelled Hibernation
   416 | D:1      | Reached skill level 5 in Hexes
   749 | D:1      | Reached XP level 3. HP: 22/24 MP: 6/6
   975 | D:2      | Reached skill level 5 in Stealth
  2025 | D:3      | Reached XP level 4. HP: 8/30 MP: 0/7
  2038 | D:3      | Slain by a worker ant

Levels and vault maps discovered:
D:1:      scummos_arrival_simple_fountains, layout_rooms, st_stairs_1
D:2:      layout_basic
D:3:      layout_loops_cross, fedhas_altar_2

Skill      XL: |  1  2  3 |
---------------+----------+-----
Hexes          | 5 |  5.7
Short Blades   | 2 |  2.9
Stealth        | 5 |  5.2
Dodging        | |  2.1
Spellcasting   | |  2.0

Action                   |  1- 3 |  4- 6 || total
-------------------------+-------+-------++-------
Melee: Dagger            |   117 |       ||   117
       Bite              |    11 |     1 ||    12
       Rapier            |    21 |     1 ||    22
 Cast: Ensorcelled Hiber |    15 |       ||    15
 Stab: Sleeping          |    14 |     1 ||    15
Armor: Robe              |    35 |       ||    35
Dodge: Dodged            |   107 |     3 ||   110

Table legend:
 A = Non-vault XP
 B = Vault XP
 C = Vault XP percentage of total XP
 D = Non-vault monster count
 E = Vault monster count
 F = Vault count percentage of total count
                 A         B        C        D         E       F
            +---------+---------+-------+---------+---------+-------
      Total |     106 |       3 |   2.8 |      34 |       2 |   5.6
            +---------+---------+-------+---------+---------+-------
        D:1 |      38 |       3 |   7.3 |      19 |       2 |   9.5
        D:2 |      44 |       0 |   0.0 |      10 |       0 |   0.0
        D:3 |      24 |       0 |   0.0 |       5 |       0 |   0.0
            +---------+---------+-------+---------+---------+-------
